 Dungeon Sprint DCSS version 0.16-a0-3540-gcd4db26 (webtiles) character file.

9 BluebellGnoll the Ducker (level 2, -4/17 HPs)
             Began as an Octopode Ice Elementalist on Jan 9, 2015.
             Slain by a jumping spider (15 damage)
             ... in the Dungeon (Sprint V: "Ziggurat Sprint").
             The game lasted 00:03:00 (81 turns).

BluebellGnoll the Ducker (Octopode Ice Elementalist)  Turns: 81, Time: 00:03:01

Health: -4/17      AC:  1    Str:  7    XL:     2   Next: 16%
Magic:  2/4        EV: 25    Int: 23    God:
Gold:   0          SH:  0    Dex: 23    Spells: 2 memorised, 2 levels left

rFire  . . .     SeeInvis +     K - +15 heavy crossbow "Sniper" {velocity, SInv}
rCold  . . .     Clarity  .     (no shield)
rNeg   . . .     SustAb   .     (helmet restricted)
rPois  .         Gourm    .     (no amulet)
rElec  .         Spirit   .     o - +6 ring of intelligence
rCorr  .         Warding  .     m - +6 ring of dexterity
rMut   .         NoTele   +     (no ring)
MR     .....                    (no ring)
Stlth  +++++.....               (no ring)
                                (no ring)
                                (no ring)
                                (no ring)

@: agile, very slightly contaminated, hasted, very quick, not resistant to
hostile enchantments, quite stealthy
A: almost no armour, amphibious, 8 rings, constrict 8, camouflage 1, gelatinous
body 1
a: no special abilities


You were in the Dungeon.
You were not hungry.

You visited 1 branch

Inventory:

Hand weapons
 H - a +5 quick blade
 J - the +6 Majin-Bo {vamp, Archmagi, MP+6 Int+6}
   (You found it in the Dungeon)

   It inflicts no extra harm, but heals its wielder somewhat when it strikes a
   living foe.
   It affects your intelligence (+6).
   It affects your magic capacity (+6).
 K - the +15 heavy crossbow "Sniper" (weapon) {velocity, SInv}
   (You found it in the Dungeon)

   Any bolt fired from it inflicts extra damage.
   It enhances your eyesight.
Missiles
 L - 998 bolts (quivered)
Armour
 G - a +3 buckler
 I - the +18 shield of the gong {rElec rN+ MR+ EV-5}
   (You found it in the Dungeon)

   It affects your evasion (-5).
   It insulates you from electricity.
   It protects you from negative energy.
   It affects your resistance to hostile enchantments.
Jewellery
 m - a +6 ring of dexterity (right tentacle)
 o - a +6 ring of intelligence (left tentacle)
 p - a +6 ring of intelligence
Magical devices
 a - a wand of disintegration (7)
 j - a wand of fire (5)
 k - a wand of cold (5)
 l - a wand of draining (5)
Scrolls
 i - 4 scrolls of blinking
 s - 4 scrolls of amnesia
 t - 3 scrolls of recharging
 u - 7 scrolls of fog
 v - a scroll of holy word
 w - 5 scrolls of identify
 x - 5 scrolls of remove curse
 y - 2 scrolls of fear
Potions
 d - 10 potions of curing
 e - 10 potions of heal wounds
 f - 7 potions of haste
 g - 7 potions of magic
 h - 3 potions of berserk rage
 z - 2 potions of brilliance
 A - 2 potions of invisibility
 B - 2 potions of restore abilities
 C - 4 potions of resistance
 E - 4 potions of agility
 F - 5 potions of might
Books
 b - a book of Frost

   Spells                             Type                      Level
   a - Freeze                         Ice                          1
   b - Throw Frost                    Conjuration/Ice              2
   c - Ozocubu's Armour               Charms/Ice                   3
   d - Throw Icicle                   Conjuration/Ice              4
   e - Summon Ice Beast               Ice/Summoning                4
   f - Condensation Shield            Ice                          4
Miscellaneous
 n - a disc of storms
 D - a lantern of shadows
Comestibles
 c - 5 bread rations
 q - 42 fruits
 r - 4 meat rations


   Skills:
 - Level 7.7 Dodging
 - Level 2.6 Stealth
 * Level 2.0 Spellcasting
 - Level 1.0 Conjurations
 + Level 3.1 Ice Magic


You had 2 spell levels left.
You knew the following spells:

 Your Spells              Type           Power        Failure   Level  Hunger
a - Freeze                Ice            ###.         3%          1    #......
b - Throw Frost           Conj/Ice       ##....       10%         2    ##.....


Dungeon Overview and Level Annotations

Branches:
Dungeon (1/1)

Altars:
Ashenzari
Cheibriados
Dithmenos
Elyvilon
Fedhas
Gozag
Kikubaaqudgha
Makhleb
Nemelex Xobeh
Okawaru
Qazlal
Ru
Sif Muna
Trog
Vehumet
Xom
Yredelemnul
Zin
The Shining One
Beogh
Jiyva
Lugonu


Innate Abilities, Weirdness & Mutations

You cannot wear most types of armour.
You are amphibious.
You can wear up to eight rings at the same time.
You can use your tentacles to constrict many enemies at once.
Your skin changes colour to match your surroundings (Stealth).
Your rubbery body absorbs attacks (AC +1).


Message History

The tarantella closely misses you.
Cast which spell? (? or * to list)
Aiming: Freeze
Press: ? - help, Shift-Dir - straight line, f/p - tarantella
Aim: a tarantella (heavily wounded)
You freeze the tarantella.
The tarantella is severely wounded.
The jumping spider misses you. The jumping spider bites you.
The tarantella misses you.
Unknown command.
Casting: Freeze
Confirm with . or Enter, or press ? or * to list all spells.
Aiming: Freeze
Press: ? - help, Shift-Dir - straight line, f/p - tarantella
Aim: a tarantella (severely wounded)
You freeze the tarantella.
The tarantella is severely wounded.
The jumping spider pounces on you!
Ouch! That really hurt!
You die...

▓▓▓▓▓▓▓▓▓▓▓▓▓
▓.8©8.▓.8©8.▓
▓.)=!.▓.....▓
▓.....▓.....▓
▓.....▓.....▓
▓..(..▓.....▓
▓.sss.▓.....▓
▓..@..▓▓▓▓▓▓▓
▓▓▓▓▓▓▓


You could see a jumping spider, a tarantella and a giant mite.

Vanquished Creatures
  An adder simulacrum (D)
  A giant gecko simulacrum (D)
2 creatures vanquished.

Notes
Turn   | Place    | Note
--------------------------------------------------------------
     0 | D        | BluebellGnoll, the Octopode Ice Elementalist, began the quest for the Orb.
     0 | D        | Reached XP level 1. HP: 11/11 MP: 3/3
     0 | D        | Found a viscous altar of Jiyva.
     0 | D        | Found a corrupted altar of Lugonu.
     0 | D        | Found a white marble altar of Elyvilon.
     2 | D        | Found a sparkling altar of Nemelex Xobeh.
     2 | D        | Found a burning altar of Makhleb.
     2 | D        | Found a deep blue altar of Sif Muna.
     3 | D        | Found a bloodstained altar of Trog.
     6 | D        | Found an iron altar of Okawaru.
    15 | D        | Found a radiant altar of Vehumet.
    17 | D        | Found a basalt altar of Yredelemnul.
    25 | D        | Found a shimmering altar of Xom.
    54 | D        | Reached skill level 7 in Dodging
    54 | D        | Reached XP level 2. HP: 17/17 MP: 4/4
    58 | D        | Learned a level 2 spell: Throw Frost
    62 | D        | Entered arena 1.
    77 | D        | Entered arena 2.
    77 | D        | Noticed a tarantella
    77 | D        | Noticed a jumping spider
    81 | D        | Slain by a jumping spider

Action                   || total
-------------------------++-------
 Fire: Triple crossbow   ||     4
 Cast: Freeze            ||     2
  Use: Potion            ||     3
